 Dungeon Crawl Stone Soup version 0.22-a0-392-g5dc3fd9 (webtiles) character file.

91 Falco the Sneak (level 4, 0/31 HPs)
             Began as a Vampire Enchanter on May 1, 2018.
             Slain by Crazy Yiuf
             ... wielding a +2 quarterstaff of chaos
              (8 damage)
             ... on level 3 of the Dungeon.
             The game lasted 00:17:49 (4742 turns).

Falco the Sneak (Vampire Enchanter)                 Turns: 4742, Time: 00:17:50

Health: 0/31       AC:  3    Str:  8    XL:     4   Next: 33%
Magic:  3/7        EV: 13    Int: 17    God:
Gold:   193        SH:  0    Dex: 14    Spells: 0/7 levels left

rFire    . . .     SeeInvis +   a - +1 dagger
rCold    . . .     Gourm    .   (no shield)
rNeg     + . .     Faith    .   f - +0 robe
rPois    .         Spirit   .   (no helmet)
rElec    .         Reflect  .   i - +0 cloak
rCorr    .         Harm     .   (no gloves)
MR       .....                  (no boots)
Stlth    +++.......             (no amulet)
HPRegen  0.10/turn              l - ring of flight
MPRegen  0.10/turn              (no ring)

@: no status effects
A: fangs 3, see invisible, unbreathing
a: Bat Form, Evoke Flight


You were on level 3 of the Dungeon.
You were not thirsty.

You visited 1 branch of the dungeon, and saw 3 of its levels.

You collected 193 gold pieces.

Inventory:

Hand Weapons
 a - a +1 dagger (weapon)
 b - a +0 blowgun
 h - a +0 hand axe of chopping
 t - a cursed +0 mace
Missiles
 m - 57 poisoned needles
 p - 20 bolts
 s - 17 arrows
Armour
 f - a +0 robe (worn)
 i - a +0 cloak (worn)
Magical Staves
 r - an uncursed staff of cold {unknown}
Jewellery
 l - a ring of flight (left hand)
Scrolls
 n - a scroll of noise {unknown}
Potions
 c - 5 potions of curing
 d - 2 potions of blood
 e - a potion of haste {unknown}
 g - a potion of degeneration {unknown}
 j - a potion of mutation {unknown}
 k - a potion of invisibility {unknown}
 o - a potion of cancellation {unknown}
 q - a potion of lignification {unknown}


   Skills:
 + Level 0.3 Fighting
 + Level 2.4 Short Blades
 + Level 3.0 Dodging
 + Level 5.9 Stealth
 + Level 2.1 Spellcasting
 + Level 4.7 Hexes


You couldn't memorise any spells.
You knew the following spells:

 Your Spells              Type           Power        Failure   Level  Hunger
a - Corona                Hex            ###....      2%          1    #......
b - Confuse               Hex            ###.....     9%          3    ###....
c - Tukima's Dance        Hex            ###.....     9%          3    ###....


Dungeon Overview and Level Annotations

Branches:
Dungeon (3/15)

Altars:

Annotations:
D:3 Crazy Yiuf


Innate Abilities, Weirdness & Mutations

You have razor-sharp teeth.
You have supernaturally acute eyesight. (SInv)
You can survive without breathing.


Message History

You closely miss Crazy Yiuf.
Crazy Yiuf is severely wounded.
Crazy Yiuf says, "Whippet green seventy!"
Crazy Yiuf hits you with a quarterstaff of chaos.
* * * LOW HITPOINT WARNING * * *
Casting: Corona (safe; 2% risk of failure)
Confirm with . or Enter, or press ? or * to list all spells.
Aiming: Confuse (safe; 9% risk of failure)
Press: ? - help, Shift-Dir - straight line, f/p - Crazy Yiuf
Aim: Crazy Yiuf, wielding a quarterstaff of chaos and wearing a cloak (severely wounded, chance to defeat MR: 56%) Crazy Yiuf resists with significant effort.
Crazy Yiuf closely misses you.
Casting: Confuse (safe; 9% risk of failure)
Confirm with . or Enter, or press ? or * to list all spells.
Aiming: Corona (safe; 2% risk of failure)
Press: ? - help, Shift-Dir - straight line, f/p - Crazy Yiuf
Aim: Crazy Yiuf, wielding a quarterstaff of chaos and wearing a cloak (severely wounded, chance to defeat MR: 63%) Crazy Yiuf is outlined in light.
Crazy Yiuf hits you with a quarterstaff of chaos!
You die...

#. #. #. #. #########
## #.......#
######.......##♣♣♣♣♣
#.............#..♣)♣♣
#>..@g(...(......)♣))
#.####.........g.♣♣♣♣
#.# #........#.♣♣ ♣
#.# ##########♣♣ #.#
#.# #.# #.# #.#
##########


You could see Crazy Yiuf.

Vanquished Creatures
  3 adders (D:2)
  5 dart slugs (D:1)
  2 giant cockroaches
  6 goblins
  7 hobgoblins
  4 jackals
  7 kobolds
  A ball python (D:1)
  11 bats
  2 frilled lizards (D:1)
  5 rats
53 creatures vanquished.

Notes
Turn   | Place    | Note
-------+----------+-------------------------------------------
     0 | D:1      | Falco the Vampire Enchanter began the quest for the Orb.
     0 | D:1      | Reached XP level 1. HP: 13/13 MP: 3/3
   265 | D:1      | Reached XP level 2. HP: 5/19 MP: 5/5
   638 | D:1      | Reached skill level 5 in Stealth
   997 | D:1      | Reached XP level 3. HP: 17/24 MP: 6/6
  2165 | D:2      | Reached XP level 4. HP: 26/30 MP: 7/7
  4295 | D:3      | Found a runed door.
  4299 | D:3      | Noticed Crazy Yiuf
  4671 | D:3      | Learned a level 3 spell: Confuse
  4675 | D:3      | Learned a level 3 spell: Tukima's Dance
  4742 | D:3      | Slain by Crazy Yiuf

Vault maps used:
D:1:      lightli_arrival_quake
D:2:      first_ration
D:3:      uniq_crazy_yiuf_cottage

Skill      XL: |  1  2  3  4 |
---------------+-------------+-----
Stealth        | 5 |  5.9
Short Blades   | 2 |  2.4
Dodging        | 3 |  3.0
Fighting       | |  0.3
Spellcasting   | |  2.1
Hexes          | |  4.7

Action                   |  1- 3 |  4- 6 || total
-------------------------+-------+-------++-------
Melee: Dagger            |   134 |   103 ||   237
       Bite              |     5 |     4 ||     9
 Fire: Blowgun           |       |     8 ||     8
 Cast: Corona            |       |     2 ||     2
       Confuse           |       |     1 ||     1
 Abil: End Transformatio |       |     1 ||     1
       Bat Form          |       |     1 ||     1
  Use: Potion            |     2 |     7 ||     9
       Scroll            |     1 |     4 ||     5
 Stab: Sleeping          |    13 |     3 ||    16
Armor: Robe              |    18 |     7 ||    25
Dodge: Dodged            |    78 |    52 ||   130

Table legend:
 A = Spawn XP
 B = Non-spawn XP
 C = Spawn XP percentage of total XP
 D = Spawn monster count
 E = Non-spawn monster count
 F = Spawn count percentage of total count
 G = Total turns spent on level
                    A         B        C        D         E        F      G
               +---------+---------+-------+---------+---------+-------+---------
         Total |       0 |     130 |   0.0 |       0 |      53 |   0.0 |  4742
               +---------+---------+-------+---------+---------+-------+---------
           D:1 |       0 |      58 |   0.0 |       0 |      30 |   0.0 |  1685
           D:2 |       0 |      50 |   0.0 |       0 |      10 |   0.0 |  1740
           D:3 |       0 |      22 |   0.0 |       0 |      13 |   0.0 |  1317
               +---------+---------+-------+---------+---------+-------+---------
